 Dungeon Sprint DCSS version 0.17-a0-777-g32247ce (webtiles) character file.

3812 lorenzova the Wrestler (level 9, -6/80 HPs)
             Began as a Troll Monk on Apr 25, 2015.
             Was an Elder of Qazlal.
             Mangled by a centaur warrior (10 damage)
             ... in the Dungeon (Sprint I: "Red Sonja").
             The game lasted 00:04:48 (821 turns).

lorenzova the Wrestler (Troll Monk)                  Turns: 821, Time: 00:04:48

Health: -6/80      AC:  7    Str: 24    XL:     9   Next: 96%
Magic:  8/8        EV: 10    Int:  6    God:    Qazlal [****..]
Gold:   580        SH:  5    Dex: 12    Spells: 0 memorised, 8 levels left

rFire  . . .     SeeInvis .       - Unarmed
rCold  . . .     Clarity  .     e - +2 robe of the Abyss {Stlth+}
rNeg   . . .     SustAb   .     (no shield)
rPois  .         Gourm    +     (helmet restricted)
rElec  .         Spirit   .     (no cloak)
rCorr  .         Warding  .     (gloves unavailable)
rMut   .         NoTele   +     (boots unavailable)
MR     .....                    i - amulet of rage
Stlth  ++........               (no ring)
                                (no ring)

@: repel missiles, not resistant to hostile enchantments, unstealthy
A: unfitting armour, claws 3, fast metabolism 3, gourmand, regeneration 2,
shaggy fur 1, tough skin 2
a: Upheaval, Elemental Force, Renounce Religion, Evoke Berserk Rage


You were in the Dungeon.
You worshipped Qazlal.
Qazlal was greatly pleased with you.
You were hungry.

You visited 1 branch You collected 826 gold pieces.
You spent 246 gold pieces at shops.

Inventory:

Armour
 e - the +2 robe of the Abyss (worn) {Stlth+}
   (You bought it in a shop in the Dungeon)

   It makes you more stealthy.
Jewellery
 i - an amulet of rage (around neck)
Scrolls
 a - a scroll of identify {unknown}
 h - a scroll of blinking
Potions
 c - 5 potions of curing
 f - 2 potions of magic
Comestibles
 b - 2 bread rations


   Skills:
 - Level 2.4 Fighting
 - Level 2.4 Dodging
 - Level 1.1 Stealth
 + Level 21.1 Unarmed Combat


You had 8 spell levels left.
You didn't know any spells.

Dungeon Overview and Level Annotations

Branches:
Dungeon (1/1)

Altars:
Cheibriados
Dithmenos
Elyvilon
Fedhas
Gozag
Kikubaaqudgha
Makhleb
Nemelex Xobeh
Okawaru
Qazlal
Ru
Sif Muna
Trog
Vehumet
Xom
Yredelemnul
Zin
The Shining One
Jiyva

Shops:
D [(


Innate Abilities, Weirdness & Mutations

You are too large for most types of armour.
You have claws for hands.
Your metabolism is lightning-fast.
You like to eat raw meat.
You heal very quickly.
You are covered in fur (AC +1).
You have very tough skin (AC +2).


Message History

The centaur warrior is severely wounded.
The centaur warrior shoots an arrow.
The arrow is repelled.
The centaur warrior hits you!
* * * LOW HITPOINT WARNING * * *
The centaur warrior unwields an uncursed longbow.
The centaur warrior hits you.
* * * LOW HITPOINT WARNING * * *
The centaur warrior hits you!
* * * LOW HITPOINT WARNING * * *
The centaur warrior closely misses you.
There is an open door, spattered with blood here.
You barely miss the centaur warrior.
The centaur warrior is severely wounded.
The centaur warrior hits you but does no damage.
You mangle the centaur warrior!!
You kill the centaur warrior!
Qazlal accepts your kill.
Your Unarmed Combat skill increases to level 21!
The centaur warrior hits you!
You die...

##########################
#<.#..').#..'..#__#.))...#
#..'[.#..').#..'^§'..#...##+#
#..#####'#####'#__####...†..#
#..####..#...#(####)§#####..+
#..#__####..##§#§§≈..# #+##
#..#_..__##'#§)@c§§§§
#⌠⌠#_.∩...'..)§#§§≈§.#
####_..._##_(#'##§####
#_____###'#.# "$[
############.####+###
#∩.[......'...'.....+
###++++####...####### ###.###
#.#'#.#


You could see a centaur warrior.

Vanquished Creatures
  A centaur warrior (D)
  Sonja (D)
  A deep troll (D)
  2 kobold demonologists (D)
  4 demonic crawlers (D)
  A slime creature (D)
  Sigmund (D)
  A yak (D)
  An ogre (D)
  A jelly (D)
  Ijyb (D)
  A giant eyeball (D)
  A giant spore (D)
  3 ballistomycetes (D)
20 creatures vanquished.

Vanquished Creatures (others)
  A gargoyle (D)
  A giant spore (D)
2 creatures vanquished.

Grand Total: 22 creatures vanquished

Notes
Turn   | Place    | Note
--------------------------------------------------------------
     0 | D        | lorenzova, the Troll Monk, began the quest for the Orb.
     0 | D        | Reached XP level 1. HP: 22/22 MP: 0/0
     1 | D        | Noticed Ijyb
    13 | D        | Killed Ijyb
    13 | D        | Reached skill level 7 in Unarmed Combat
    13 | D        | Reached XP level 2. HP: 21/29 MP: 1/1
    30 | D        | Noticed an ogre
    38 | D        | Killed an ogre
    38 | D        | Reached skill level 10 in Unarmed Combat
    38 | D        | Reached XP level 3. HP: 36/36 MP: 2/2
    38 | D        | Reached XP level 4. HP: 44/44 MP: 3/3
    66 | D        | Noticed Sigmund
    70 | D        | Killed Sigmund
    70 | D        | Reached skill level 12 in Unarmed Combat
    70 | D        | Reached XP level 5. HP: 42/50 MP: 4/4
    70 | D        | Reached XP level 6. HP: 49/59 MP: 5/5
    98 | D        | Found a snail-covered altar of Cheibriados.
    98 | D        | Found a viscous altar of Jiyva.
    98 | D        | Found a shadowy altar of Dithmenos.
    98 | D        | Found a blossoming altar of Fedhas.
    98 | D        | Noticed a slime creature
   105 | D        | Killed a slime creature
   105 | D        | Reached skill level 14 in Unarmed Combat
   239 | D        | Found a deep blue altar of Sif Muna.
   239 | D        | Noticed a jelly
   241 | D        | Found a radiant altar of Vehumet.
   244 | D        | Killed a jelly
   270 | D        | Found Huzoj Ruicku's Weapon Emporium.
   270 | D        | Found a white marble altar of Elyvilon.
   270 | D        | Found a stormy altar of Qazlal.
   270 | D        | Found a burning altar of Makhleb.
   270 | D        | Found a sacrificial altar of Ru.
   270 | D        | Found a basalt altar of Yredelemnul.
   270 | D        | Found a glowing golden altar of the Shining One.
   270 | D        | Found a sparkling altar of Nemelex Xobeh.
   270 | D        | Found a shimmering altar of Xom.
   270 | D        | Found an opulent altar of Gozag.
   270 | D        | Found an ancient bone altar of Kikubaaqudgha.
   270 | D        | Found a glowing silver altar of Zin.
   270 | D        | Noticed a yak
   272 | D        | Killed a yak
   272 | D        | Reached skill level 15 in Unarmed Combat
   272 | D        | Reached XP level 7. HP: 66/66 MP: 6/6
   273 | D        | Found an iron altar of Okawaru.
   274 | D        | Found a bloodstained altar of Trog.
   280 | D        | Became a worshipper of Qazlal Stormbringer
   280 | D        | Acquired Qazlal's first power
   280 | D        | Acquired Qazlal's second power
   336 | D        | Noticed a kobold demonologist
   338 | D        | Noticed a kobold demonologist
   340 | D        | Paralysed by a giant eyeball for 2 turns
   345 | D        | Noticed a rust devil
   346 | D        | Killed a kobold demonologist
   346 | D        | Reached skill level 16 in Unarmed Combat
   347 | D        | Killed a kobold demonologist
   347 | D        | Reached skill level 17 in Unarmed Combat
   347 | D        | Reached XP level 8. HP: 71/74 MP: 7/7
   377 | D        | Noticed Sonja
   380 | D        | Killed Sonja
   380 | D        | Reached skill level 18 in Unarmed Combat
   434 | D        | Found Jamaoc's Armour Boutique.
   443 | D        | Bought the +2 robe of the Abyss {Stlth+} for 246 gold pieces
   467 | D        | Noticed a deep troll
   473 | D        | Killed a deep troll
   473 | D        | Acquired Qazlal's third power
   473 | D        | Reached skill level 19 in Unarmed Combat
   473 | D        | Reached XP level 9. HP: 80/80 MP: 8/8
   683 | D        | Noticed a demonic crawler
   683 | D        | Noticed a demonic crawler
   683 | D        | Noticed a demonic crawler
   683 | D        | Noticed a demonic crawler
   688 | D        | Killed a demonic crawler
   691 | D        | Killed a demonic crawler
   691 | D        | Reached skill level 20 in Unarmed Combat
   698 | D        | Killed a demonic crawler
   701 | D        | Killed a demonic crawler
   701 | D        | Acquired Qazlal's fourth power
   772 | D        | Killed a gargoyle
   808 | D        | Noticed a centaur warrior
   809 | D        | Noticed a centaur warrior
   819 | D        | HP: 4/80 [centaur warrior (9)]
   821 | D        | Killed a centaur warrior
   821 | D        | Reached skill level 21 in Unarmed Combat
   821 | D        | Mangled by a centaur warrior

Action                   |  1- 3 |  4- 6 |  7- 9 || total
-------------------------+-------+-------+-------++-------
Melee: Unarmed           |    18 |    13 |    38 ||    69
Throw: Throwing net      |       |       |     2 ||     2
Invok: Upheaval          |       |       |     1 ||     1
  Use: Potion            |       |       |     4 ||     4
 Stab: Held in net/web   |       |       |     1 ||     1
  Eat: Chunk             |       |     5 |       ||     5
